AoeStats
← Blights

Nomad

510186674Analyzed
2v2 RM · 3d ago on Sep 29, 2026· 51m 57s· 4 players
Game mode
Random Map
Map size
176×176
Population
200
Speed
Normal
Resources
Standard
Victory
Conquest
Starting age
Dark Age
Ending age
Imperial Age
RankedLock teamsTeams togetherTeam positionsShared explorationLock speedFull tech treeHidden civsTurbo modeCheats
Victory
Defeat
🇺🇸 Huns · United States
655
+17
🇮🇹 Italians · Italy
544
+21
🇹🇷 Mongols · Türkiye
695
-20
🇬🇧 Khmer · United Kingdom
631
-18
AKANZİ
4:38 Loom
17:29 Feudal Age
25:19 Castle Age
24:48 Stone Mining
24:49 Gold Mining
27:51 Double-Bit Axe
41:30 Scale Barding Armor
41:26 Scale Mail Armor
41:36 Forging
42:04 Padded Archer Armor
41:54 Fletching
43:24 Chain Barding Armor
43:19 Chain Mail Armor
43:35 Bow Saw
44:06 Stone Shaft Mining
44:07 Gold Shaft Mining
43:16 Horse Collar
44:17 Wheelbarrow
43:27 Town Watch
45:38 Nomads
46:47 Leather Archer Armor
46:28 Bodkin Arrow
47:08 Iron Casting
49:42 Hand Cart
49:27 Town Patrol
51:59 Imperial Age
49:41 Pikeman
50:21 Squires
50:07 Arson
Blights
5:09 Loom
16:06 Feudal Age
20:21 Forging
22:20 Bloodlines
31:44 Castle Age
31:43 Scale Barding Armor
33:13 Iron Casting
33:39 Horse Collar
34:33 Chain Barding Armor
34:19 Gold Mining
35:30 Husbandry
39:02 Double-Bit Axe
45:00 Medium Warships
47:26 Imperial Age
48:15 Heavy Scorpion
49:52 Cavalier
KaputLand6596
3:34 Loom
15:29 Feudal Age
17:01 Fishing Lines
17:10 Double-Bit Axe
17:08 Horse Collar
18:19 Wheelbarrow
22:33 Castle Age
22:13 Man-at-Arms
23:10 Scale Barding Armor
23:16 Forging
22:56 Fletching
24:07 Gillnets
25:24 Iron Casting
25:33 Stone Mining
27:01 Heavy Plow
27:50 Bloodlines
27:40 Gold Mining
29:09 Pikeman
33:52 Hand Cart
35:33 Gold Shaft Mining
35:38 Husbandry
37:29 Bodkin Arrow
37:57 Chain Barding Armor
38:11 Scale Mail Armor
41:27 Imperial Age
39:48 Padded Archer Armor
42:40 Conscription
41:42 Elite Tarkan
43:37 Marauders
47:15 Guilds
48:02 Plate Barding Armor
48:28 Blast Furnace
49:42 Chain Mail Armor
49:27 Bracer
49:16 Arson
49:32 Squires
52:55 Ballistics
52:31 Murder Holes
52:47 Masonry
Sovrano-di-Capiate
15:56 Feudal Age
17:25 Loom
18:15 Wheelbarrow
19:53 Double-Bit Axe
25:41 Forging
31:36 Fletching
33:47 Horse Collar
34:31 Stone Mining
35:16 Scale Mail Armor
42:32 Gold Mining
46:49 Castle Age
47:45 Heavy Plow
48:01 Bow Saw
48:22 Bodkin Arrow
48:16 Elite Skirmisher
52:04 Hand Cart
Connection lost

Rejoining the realm…

Still unreachable

The connection could not be restored.

Session expired

The server has moved on; the page needs a fresh start.